 Dungeon Sprint DCSS version 0.21-a0-251-g5e8393f (webtiles) character file.

1467 Kidiri the Thaumaturge (level 8, -1/48 HPs)
             Began as a Deep Elf Fire Elementalist on Sept 5, 2017.
             Was a High Priest of Vehumet.
             Slain by a ghost moth (9 damage)
             ... in the Dungeon (Sprint VII: "The Pits").
             The game lasted 00:08:14 (1385 turns).

Kidiri the Thaumaturge (Deep Elf Fire Elementalist) Turns: 1385, Time: 00:08:15

Health: -1/48      AC: 10    Str: 10 (11) XL:     8   Next: 48%
Magic:  0/26       EV: 13    Int: 23      God:    Vehumet [*****.]
Gold:   0          SH:  0    Dex: 14 (15) Spells: 4/32 levels left

rFire    . . .     SeeInvis .   i - +2 rapier (elec)
rCold    . . .     Gourm    .   (no shield)
rNeg     . . .     Faith    .   w - +5 ring mail
rPois    .         Spirit   .   (no helmet)
rElec    .         Reflect  .   (no cloak)
rCorr    .         Harm     .   (no gloves)
MR       .....     NoTele   +   (no boots)
Stlth    +.........             (no amulet)
HPRegen  0.16/turn              q - +3 ring of strength
MPRegen  0.20/turn              r - +3 ring of strength

@: lethally poisoned (-1 -> -84)
A: no striking features
a: Renounce Religion


You were in the Dungeon.
You worshipped Vehumet.
Vehumet was extremely pleased with you.
You were not hungry.

You visited 1 branch

Inventory:

Hand Weapons
 i - a +2 rapier of electrocution (weapon)
Armour
 w - a +5 ring mail (worn)
Jewellery
 q - a +3 ring of strength (left hand)
 r - a +3 ring of strength (right hand)
Scrolls
 l - 3 scrolls of remove curse
 m - 5 scrolls of amnesia
 n - a scroll of summoning
Potions
 d - 7 potions of curing
 e - 7 potions of heal wounds
 f - a potion of haste
 g - 3 potions of magic
 h - 3 potions of berserk rage
 k - 2 potions of invisibility
 s - 2 potions of brilliance
 t - 2 potions of mutation
 u - a potion of might
Books
 b - a book of Flames

   Spells                             Type                      Level
   a - Flame Tongue                   Conjuration/Fire             1
   b - Throw Flame                    Conjuration/Fire             2
   c - Conjure Flame                  Conjuration/Fire             3
   d - Inner Flame                    Hexes/Fire                   3
   e - Sticky Flame                   Conjuration/Fire             4
   f - Fireball                       Conjuration/Fire             5
Comestibles
 c - 8 bread rations
 o - 40 fruits
 p - 7 meat rations


   Skills:
 + Level 4.2 Fighting
 + Level 5.2 Short Blades
 + Level 4.3 Armour
 + Level 6.8 Dodging
 - Level 2.4 Stealth
 * Level 12.9 Spellcasting
 + Level 7.8 Conjurations
 + Level 8.3 Fire Magic
 + Level 5.2 Air Magic
 + Level 1.0 Earth Magic
 + Level 4.2 Poison Magic


You had 4 spell levels left.
You knew the following spells:

 Your Spells              Type           Power        Failure   Level  Hunger
a - Flame Tongue          Conj/Fire      #####        1%          1    None
b - Throw Flame           Conj/Fire      ######       1%          2    None
c - Conjure Flame         Conj/Fire      ######..     1%          3    None
d - Inner Flame           Hex/Fire       ####....     1%          3    None
e - Ignite Poison         Fire/Tmut/Pois ####....     1%          3    None
f - Sticky Flame          Conj/Fire      ######..     1%          4    None
g - Fireball              Conj/Fire      ######....   2%          5    ###....
h - Bolt of Magma         Conj/Fire/Erth #####.....   7%          5    ###....
i - Shock                 Conj/Air       ####         1%          1    None
j - Sting                 Conj/Pois      ####         1%          1    None


Dungeon Overview and Level Annotations

Branches:
Dungeon (1/1)

Altars:
Ashenzari
Cheibriados
Dithmenos
Elyvilon
Fedhas
Gozag
Hepliaklqana
Kikubaaqudgha
Makhleb
Nemelex Xobeh
Okawaru
Qazlal
Ru
Sif Muna
Trog
Uskayaw
Vehumet
Wu Jian
Xom
Yredelemnul
Zin
The Shining One
Beogh
Jiyva
Lugonu


Message History

* * * LOW HITPOINT WARNING * * *
You are more poisoned.
The ghost moth poisons you! The ghost moth stares at you.
You feel your power leaking away. The ghost moth hits you.
* * * LOW HITPOINT WARNING * * *
The ghost moth completely misses you. The ghost moth barely misses you.
You feel much better.
You feel extremely sick.
The ghost moth burns!
The ghost moth stares at you.
You feel your power leaking away. The ghost moth hits you!
* * * LOW HITPOINT WARNING * * *
You feel weakened. The ghost moth hits you.
* * * LOW HITPOINT WARNING * * *
The ghost moth stings you!
You die...

___.# ___.#
_...###########++######
###+##................#
))+.##......#..#......#
###.##................+
.....+................+
+#####......#..#......#
.#..##..%.......@.....#
.#))#####+#####y'######
.#))##.......##''#
##))##.......##...
%#[[##.......##...
.#+###...<...##....
....##.......##...#
....##.......##..##
######.......#


You could see a ghost moth (burning).

Vanquished Creatures
  A kobold demonologist (D)
  A jumping spider (D)
  A ynoxinul (D)
  A redback (D)
  A yak (D)
  A warg (D)
  A water moccasin (D)
  A floating eye (D)
  A big kobold (D)
  A gnoll sergeant (D)
  A scorpion (D)
  A crimson imp (D)
  A river rat (D)
  2 ufetubi (D)
  An orc (D)
  A bat (D)
  2 goblins (D)
  2 hobgoblins (D)
  5 kobolds (D)
  A frilled lizard (D)
  A leopard gecko zombie (D)
28 creatures vanquished.

Notes
Turn   | Place    | Note
-------+----------+-------------------------------------------
     0 | D        | Kidiri the Deep Elf Fire Elementalist began the quest for the Orb.
     0 | D        | Reached XP level 1. HP: 10/10 MP: 6/6
    15 | D        | Reached skill level 4 in Spellcasting
    15 | D        | Reached XP level 2. HP: 15/15 MP: 3/9
    20 | D        | Learned a level 2 spell: Throw Flame
    55 | D        | Found a bloodstained altar of Trog.
    55 | D        | Found a deep blue altar of Sif Muna.
    55 | D        | Found a viscous altar of Jiyva.
    55 | D        | Found a hazy altar of Hepliaklqana.
    55 | D        | Found an opulent altar of Gozag.
    56 | D        | Found a glowing golden altar of the Shining One.
    56 | D        | Found a glowing silver altar of Zin.
    56 | D        | Found a basalt altar of Yredelemnul.
    56 | D        | Found a shimmering altar of Xom.
    56 | D        | Found an ornate altar of the Wu Jian Council.
    56 | D        | Found a sacrificial altar of Ru.
    56 | D        | Found a stormy altar of Qazlal.
    56 | D        | Found an iron altar of Okawaru.
    56 | D        | Found a sparkling altar of Nemelex Xobeh.
    56 | D        | Found a burning altar of Makhleb.
    56 | D        | Found a blossoming altar of Fedhas.
    56 | D        | Found a white marble altar of Elyvilon.
    56 | D        | Found a shadowy altar of Dithmenos.
    56 | D        | Found a snail-covered altar of Cheibriados.
    58 | D        | Found a radiant altar of Vehumet.
    58 | D        | Found a corrupted altar of Lugonu.
    58 | D        | Found a roughly hewn altar of Beogh.
    59 | D        | Found a hide-covered altar of Uskayaw.
    59 | D        | Found an ancient bone altar of Kikubaaqudgha.
    59 | D        | Found a shattered altar of Ashenzari.
    68 | D        | Became a worshipper of Vehumet
    85 | D        | Noticed a floating eye
    90 | D        | Killed a floating eye
    90 | D        | Reached skill level 9 in Spellcasting
    90 | D        | Reached skill level 5 in Fire Magic
    90 | D        | Reached XP level 3. HP: 19/19 MP: 4/15
    90 | D        | Reached XP level 4. HP: 24/24 MP: 4/17
    93 | D        | Reached skill level 5 in Conjurations
    98 | D        | Learned a level 3 spell: Conjure Flame
   102 | D        | Learned a level 3 spell: Inner Flame
   107 | D        | Learned a level 4 spell: Sticky Flame
   236 | D        | Reached * piety under Vehumet
   236 | D        | Offered knowledge of Shock by Vehumet.
   243 | D        | Learned a level 1 spell: Shock
   301 | D        | Reached ** piety under Vehumet
   301 | D        | Offered knowledge of Sting by Vehumet.
   306 | D        | Learned a level 1 spell: Sting
   381 | D        | Noticed a warg
   392 | D        | Offered knowledge of Dazzling Spray by Vehumet.
   404 | D        | Killed a warg
   404 | D        | Reached *** piety under Vehumet
   404 | D        | Reached skill level 1 in Fighting
   404 | D        | Reached skill level 1 in Armour
   404 | D        | Reached skill level 10 in Spellcasting
   404 | D        | Reached XP level 5. HP: 12/30 MP: 13/19
   411 | D        | Learned a level 5 spell: Fireball
   411 | D        | Reached XP level 6. HP: 14/35 MP: 14/21
   619 | D        | Offered knowledge of Ignite Poison by Vehumet.
   626 | D        | Learned a level 3 spell: Ignite Poison
   724 | D        | Reached **** piety under Vehumet
   724 | D        | Reached skill level 5 in Dodging
   724 | D        | Reached skill level 11 in Spellcasting
   793 | D        | Noticed a yak
   799 | D        | Killed a yak
   799 | D        | Reached skill level 1 in Poison Magic
   799 | D        | Reached XP level 7. HP: 33/41 MP: 13/24
   934 | D        | Offered knowledge of Yara's Violent Unravelling by Vehumet.
   996 | D        | Noticed a ynoxinul
   996 | D        | Noticed a kobold demonologist
  1003 | D        | Noticed a neqoxec
  1004 | D        | Reached ***** piety under Vehumet
  1005 | D        | Killed a ynoxinul
  1005 | D        | Reached skill level 12 in Spellcasting
  1005 | D        | Killed a kobold demonologist
  1005 | D        | Reached XP level 8. HP: 48/48 MP: 9/26
  1201 | D        | Noticed a jumping spider
  1211 | D        | Killed a jumping spider
  1211 | D        | Offered knowledge of Bolt of Magma by Vehumet.
  1211 | D        | Reached skill level 5 in Short Blades
  1211 | D        | Reached skill level 5 in Air Magic
  1220 | D        | Learned a level 5 spell: Bolt of Magma
  1382 | D        | Reached skill level 1 in Earth Magic
  1384 | D        | Noticed a ghost moth
  1385 | D        | Slain by a ghost moth

Vault maps used:
D:        pitsprint

Skill      XL: |  1  2  3  4  5  6  7  8 |
---------------+-------------------------+-----
Spellcasting   | 4 9 10 11 12 | 12.9
Conjurations   | 2 4 5 6 7 |  7.8
Fire Magic     | 4 5 6 7 8 |  8.3
Fighting       | 1 2 3 4 |  4.2
Short Blades   | 2 3 4 5 |  5.2
Armour         | 1 2 3 4 |  4.3
Dodging        | 3 4 5 6 |  6.8
Air Magic      | 2 3 4 5 |  5.2
Poison Magic   | 1 3 4 |  4.2
Earth Magic    | 1 |  1.0
Stealth        | |  2.4

Action                   |  1- 3 |  4- 6 |  7- 9 || total
-------------------------+-------+-------+-------++-------
Melee: Dagger            |       |     2 |     1 ||     3
 Cast: Flame Tongue      |     7 |    24 |     8 ||    39
       Inner Flame       |       |     2 |     6 ||     8
       Conjure Flame     |       |     3 |     2 ||     5
       Sticky Flame      |       |     3 |     3 ||     6
       Throw Flame       |       |     4 |     2 ||     6
       Sting             |       |    11 |     5 ||    16
       Ignite Poison     |       |     1 |     2 ||     3
       Shock             |       |     1 |       ||     1
       Bolt of Magma     |       |       |     1 ||     1
  Use: Potion            |       |     2 |     2 ||     4
       Scroll            |       |     1 |       ||     1
 Stab: Sleeping          |       |     1 |       ||     1
  Eat: Chunk             |       |       |     1 ||     1
Armor: Ring mail         |       |       |     3 ||     3
       Robe              |       |       |     1 ||     1
Dodge: Dodged            |       |    12 |     8 ||    20

Table legend:
 A = Spawn XP
 B = Non-spawn XP
 C = Spawn XP percentage of total XP
 D = Spawn monster count
 E = Non-spawn monster count
 F = Spawn count percentage of total count
 G = Total turns spent on level
                    A         B        C        D         E        F      G
               +---------+---------+-------+---------+---------+-------+---------
         Total |       0 |    2096 |   0.0 |       0 |      28 |   0.0 |  1385
               +---------+---------+-------+---------+---------+-------+---------
             D |       0 |    2096 |   0.0 |       0 |      28 |   0.0 |  1385
               +---------+---------+-------+---------+---------+-------+---------
